 Dungeon Crawl Stone Soup version 0.22-a0-135-g6f012ad (webtiles) character file.

16 sankara the Skirmisher (level 2, 26/26 HPs)
             Began as a Draconian Berserker on Jan 31, 2018.
             Was a Follower of Trog.
             Got out of the dungeon alive.
             The game lasted 00:01:56 (413 turns).

sankara the Skirmisher (Draconian Berserker)         Turns: 413, Time: 00:01:57

Health: 26/26      AC:  4    Str: 19    XL:     2   Next: 37%
Magic:  2/2        EV: 12    Int:  7    God:    Trog [*.....]
Gold:   39         SH:  0    Dex: 10    Spells: 1/1 levels left

rFire    . . .     SeeInvis .   a - +0 falchion
rCold    . . .     Gourm    .   (no shield)
rNeg     . . .     Faith    .   (armour unavailable)
rPois    .         Spirit   .   (helmet restricted)
rElec    .         Reflect  .   (no cloak)
rCorr    .         Harm     .   (no gloves)
MR       .....                  (no boots)
Stlth    +.........             (no amulet)
HPRegen  0.08/turn              (no ring)
MPRegen  0.08/turn              (no ring)

@: no status effects
A: unfitting armour, cold-blooded, AC +4
a: Berserk, Burn Spellbooks, Renounce Religion


You escaped.
You worshipped Trog.
Trog was aware of your devotion.
You were not hungry.

You visited 1 branch of the dungeon, and saw 1 of its levels.

You collected 39 gold pieces.

Inventory:

Hand Weapons
 a - a +0 falchion (weapon)
Scrolls
 e - a scroll of remove curse {unknown}
 f - a scroll of enchant armour {unknown}
Potions
 c - a potion of haste {unknown}
Comestibles
 b - a ration


   Skills:
 + Level 3.6 Fighting
 + Level 3.3 Long Blades
 + Level 3.0 Dodging


You had one spell level left.
You didn't know any spells.

Dungeon Overview and Level Annotations

Branches:
Dungeon (1/15)

Altars:


Innate Abilities, Weirdness & Mutations

Your plain brown scales are hard. (AC +4)
You cannot fit into any form of body armour.
You are cold-blooded and may be slowed by cold attacks.


Message History

You see here a rat skeleton.
You see here a scale mail.
There is a stone staircase leading down here.
Found a stone staircase leading down.
Some of the chunks of flesh in your inventory have rotted away.
A rat comes into view.
You hit the rat but do no damage.
Your tail-slap misses the rat.
The rat closely misses you.
You hit the rat.
You kill the rat!
Trog accepts your kill.
No target in view!
f - a scroll labeled DINWO NUKHAA Some of the chunks of flesh in your inventory have rotted away.
A hobgoblin comes into view. It is wielding a club.
You see here a rat skeleton.
All of the chunks of flesh in your inventory have rotted away.
There is a staircase leading out of the dungeon here.
Are you sure you want to leave the Dungeon?
This will make you lose the game!
You have escaped!

#..#####.#.# ##.#######
#..# #.#.# #.#
#..#####.#.########.#
#..##............##.#
#..##..#.....#...##.#
#.....##.######..##.#
#......8.....8......#
#####.#...#.....#..#####
#.........#..@..#..#
#.###.....#.....#..# #.#
#..#..8.....8..# #.#
#..#.######.##.## #.#
##.#..#.....##..# #.#
#..............# ### #.#
#.####.........# #..
#.####[####..#.######
#.# #............#.# #.#


There were no monsters in sight!

Vanquished Creatures
  A dart slug (D:1)
  A bat (D:1)
  2 goblins (D:1)
  A hobgoblin (D:1)
  4 jackals (D:1)
  3 rats (D:1)
12 creatures vanquished.

Notes
Turn   | Place    | Note
-------+----------+-------------------------------------------
     0 | D:1      | sankara the Draconian Berserker began the quest for the Orb.
     0 | D:1      | Reached XP level 1. HP: 19/19 MP: 1/1
   126 | D:1      | Reached XP level 2. HP: 26/26 MP: 2/2
   413 | D:$      | Got out of the dungeon alive.

Vault maps used:
D:1:      scummos_arrival_simple_crosswalls, minmay_split_cup_small

Skill      XL: |  1  2 |
---------------+-------+-----
Dodging        | 3 |  3.0
Fighting       | |  3.6
Long Blades    | |  3.3

Action                   || total
-------------------------++-------
Melee: Falchion          ||    31
       Tailslap          ||     2
Armor: Skin              ||    11
Dodge: Dodged            ||    12
       Rpst.: Falchion   ||     2

Table legend:
 A = Spawn XP
 B = Non-spawn XP
 C = Spawn XP percentage of total XP
 D = Spawn monster count
 E = Non-spawn monster count
 F = Spawn count percentage of total count
 G = Total turns spent on level
                    A         B        C        D         E        F      G
               +---------+---------+-------+---------+---------+-------+---------
         Total |       0 |      23 |   0.0 |       0 |      12 |   0.0 |   413
               +---------+---------+-------+---------+---------+-------+---------
           D:1 |       0 |      23 |   0.0 |       0 |      12 |   0.0 |   413
               +---------+---------+-------+---------+---------+-------+---------
